 Dungeon Crawl Stone Soup version 0.29.1-13-g9f3cf754e1 (webtiles) character file.

Game seed: 11996111214542311245

322 bjubeck the Shield-Bearer (level 6, -1/56 HPs)
             Began as a Minotaur Fighter on Feb 1, 2023.
             Succumbed to a killer bee's poison
             ... on level 5 of the Dungeon.
             The game lasted 00:09:47 (2847 turns).

bjubeck the Shield-Bearer (Minotaur Fighter)        Turns: 2847, Time: 00:09:47

Health: -1/56      AC: 13    Str: 23    XL:     6   Next: 22%
Magic:  5/5        EV:  6    Int:  5    God:
Gold:   65         SH:  4    Dex:  9    Spells: 5/5 levels left

rFire   . . .      SeeInvis .   a - +0 war axe
rCold   . . .      Faith    .   c - +0 buckler
rNeg    . . .      Spirit   .   r - +0 plate armour
rPois   .          Reflect  .   (helmet restricted)
rElec   .          Harm     .   (no cloak)
rCorr   .          Rampage  .   (no gloves)
Will    .....                   A - +0 pair of boots
Stlth   ..........              (no amulet)
HPRegen 0.18/turn               (no ring)
MPRegen 0.09/turn               (no ring)

@: lethally poisoned (-1 -> -6), weak-willed
A: horns 2, retaliatory headbutt
a: no special abilities


You were on level 5 of the Dungeon.
You visited 1 branch of the dungeon, and saw 6 of its levels.

You collected 104 gold pieces.
You spent 39 gold pieces at shops.

Inventory:

Hand Weapons
 a - a +0 war axe (weapon)
Armour
 b - a +0 scale mail
 c - a +0 buckler (worn)
 r - a +0 plate armour (worn)
 A - a +0 pair of boots (worn)
Jewellery
 y - a ring of fire
 B - a +4 ring of protection
Wands
 v - a wand of iceblast (9)
Scrolls
 f - 4 scrolls of identify
 g - 2 scrolls of enchant armour {unknown}
 j - 2 scrolls of torment {unknown}
 m - 3 scrolls of immolation {unknown}
 n - a scroll of butterflies
 q - 4 scrolls of teleportation {unknown}
 s - 2 scrolls of poison {unknown}
 t - a scroll of fear {unknown}
 u - a scroll of vulnerability
 w - a scroll of silence {unknown}
Potions
 d - a potion of might
 h - a potion of resistance {unknown}
 i - a potion of attraction
 k - a potion of berserk rage {unknown}
 l - 3 potions of curing
 o - a potion of cancellation
 p - a potion of flight {unknown}
 x - a potion of haste {unknown}
 z - a potion of brilliance {unknown}


   Skills:
 + Level 5.2 Fighting
 + Level 4.4 Axes
 + Level 5.2 Armour
 + Level 5.2 Shields


You had 5 spell levels left.
You didn't know any spells.
Your spell library contained the following spells:

 Spells                   Type           Power      Damage    Failure   Level
 Sublimation of Blood     Necr           0%         N/A       100%        2
 Petrify                  Tmut/Erth      0%         N/A       100%        4
 Irradiate                Conj/Tmut      0%         3d11      100%        5


Dungeon Overview and Level Annotations

Branches:
Dungeon (6/15)
 Temple: D:4-7

Altars:

Shops:
D:2 !

Annotations:
D:5 Menkaure


Innate Abilities, Weirdness & Mutations

You have a pair of horns on your head.
You reflexively headbutt those who attack you in melee.


Message History

The killer bee barely misses you.
It was a potion of cancellation.
You feel magically purged.
You feel sick. The killer bee stings you.
* * * LOW HITPOINT WARNING * * *
The killer bee stings you but does no damage.
Unknown command.
As you read the scroll labelled ROSOVI BAIHEM, it crumbles to dust.
Magic quickly surges around you.
It was a scroll of vulnerability.
You feel sick.
The killer bee stings you but does no damage. x2
Unknown command.
As you read the scroll labelled NETOJISCHUF, it crumbles to dust.
You hear the tinkle of a tiny bell.
It was a scroll of butterflies.
You feel sick.
You are no longer poisoned.
The killer bee stings you but does no damage.
The killer bee barely misses you.
The iguana hisses menacingly.
You swap places.
The killer bee barely misses your butterfly. x2
You swap places.
The killer bee stings your butterfly!
Your butterfly dies!
Your butterfly disappears in a burst of colours!
The killer bee stings your butterfly!
Your butterfly dies!
Your butterfly disappears in a burst of colours!
The killer bee stings you.
* * * LOW HITPOINT WARNING * * *
The killer bee attacks as you move away!
The killer bee closely misses you. You furiously retaliate!
You headbutt the killer bee. The killer bee barely misses you.
The killer bee stings you but does no damage.
You block the killer bee's attack.
The killer bee attacks as you move away!
The killer bee stings you but does no damage. x2
The killer bee stings you.
* * * LOW HITPOINT WARNING * * *
You are lethally poisoned!
The killer bee poisons you!
You die...

...l†l..# #..#
....###.########..#
..#.# #.)†..l.....#
###.# #.########l##
#.# #.# #.# #.# #.#
#y# #.# #.# #y# #.#
#.### #.#
###.###...######@#
#....[|....>..)..#
....###.#.########
## #......
##.#.##.# ###.# #
#.# #.# #.#


You could see an iguana (weak-willed) and 2 killer bees.

Vanquished Creatures
  An ogre (D:4)
  A killer bee (D:5)
  A hound (D:5)
  An iguana (D:2)
  8 adders
  An ufetubus (D:4)
  3 worms
  2 endoplasms
  2 giant cockroaches
  6 goblins
  9 hobgoblins
  4 kobolds
  4 quokkas
  8 ball pythons
  2 bats
  A frilled lizard (D:3)
  5 rats
59 creatures vanquished.

Notes
Turn   | Place    | Note
-------+----------+-------------------------------------------
     0 | D:1      | bjubeck the Minotaur Fighter began the quest for the Orb.
     0 | D:1      | Reached XP level 1. HP: 19/19 MP: 0/0
   105 | D:1      | Found a faded altar of an unknown god.
   171 | D:1      | Reached XP level 2. HP: 23/27 MP: 1/1
   728 | D:2      | Found Pudib's Distillery.
   732 | D:2      | Reached XP level 3. HP: 33/33 MP: 2/2
   739 | D:2      | Bought a potion of curing for 39 gold pieces
  1045 | D:2      | Reached XP level 4. HP: 41/41 MP: 3/3
  1833 | D:3      | Reached XP level 5. HP: 46/47 MP: 4/4
  2229 | D:4      | Noticed an ogre
  2235 | D:4      | Killed an ogre
  2236 | D:4      | Reached skill level 5 in Fighting
  2236 | D:4      | Reached skill level 5 in Armour
  2236 | D:4      | Reached skill level 5 in Shields
  2689 | D:4      | You fall into a shaft and drop 2 floors!
  2743 | D:5      | Entered Level 5 of the Dungeon
  2788 | D:5      | Reached XP level 6. HP: 48/56 MP: 5/5
  2795 | D:5      | Noticed Menkaure
  2841 | D:5      | HP: 2/56 [killer bee (3)]
  2846 | D:5      | HP: 1/56 [killer bee (2)]
  2847 | D:5      | Succumbed to a killer bee's poison

Illustrated notes

Levels and vault maps discovered:
D:1:      saegor_arrival_simple_d, layout_rooms, basic_ecumenical_altar
D:2:      layout_loops_ring, serial_shops,
          nicolae_shop_temple_entry_statues_fountains, minmay_bisected
D:3:      layout_loops_ring
D:4:      layout_gridville, general_overflow_altar
D:5:      layout_loops_ring, mainiacjoe_overflow_surrounded_room, zin_statuary,
          minmay_temple_entry_gardened_gates, grunt_ministairs_11, uniq_duvessa,
          uniq_pikel, uniq_menkaure, uniq_eustachio
D:6:      corexii_shack_village, layout_loops_corners,
          mainiacjoe_overflow_brackets, kennysheep_little_box,
          chequers_temple_overflow_statue_of_worship, minmay_manual_monolith,
          uniq_prince_ribbit1

Skill      XL: |  1  2  3  4  5 |
---------------+----------------+-----
Fighting       | 4 5 |  5.2
Axes           | 3 4 |  4.4
Armour         | 4 5 |  5.2
Shields        | 4 5 |  5.2

Action                   |  1- 3 |  4- 6 || total
-------------------------+-------+-------++-------
Melee: War axe           |    57 |   100 ||   157
       Headbutt          |     9 |    14 ||    23
  Use: Scroll            |       |     3 ||     3
       Potion            |       |     5 ||     5
Armor: Scale mail        |    20 |     3 ||    23
       Plate armour      |       |    85 ||    85
Dodge: Dodged            |    24 |    41 ||    65
Block: Buckler           |    14 |    34 ||    48
